 Dungeon Crawl Stone Soup version 0.29.1-4-g47bece8355 (webtiles) character file.

Game seed: 11105419751315180275

11 Buffaloe the Trooper (level 2, -5/27 HPs)
             Began as a Minotaur Fighter on Dec 11, 2022.
             Succumbed to a goblin's poison
             ... on level 1 of the Dungeon.
             The game lasted 00:00:49 (400 turns).

Buffaloe the Trooper (Minotaur Fighter)              Turns: 400, Time: 00:00:50

Health: -5/27      AC:  6    Str: 20    XL:     2   Next: 13%
Magic:  1/1        EV:  9    Int:  5    God:
Gold:   71         SH:  4    Dex:  9    Spells: 1/1 levels left

rFire   . . .      SeeInvis .   a - +0 flail
rCold   . . .      Faith    .   c - +0 buckler
rNeg    . . .      Spirit   .   b - +0 scale mail
rPois   .          Reflect  .   (helmet restricted)
rElec   .          Harm     .   (no cloak)
rCorr   .          Rampage  .   (no gloves)
Will    .....                   (no boots)
Stlth   ..........              (no amulet)
HPRegen 0.09/turn               (no ring)
MPRegen 0.07/turn               (no ring)

@: lethally poisoned (-5 -> -35)
A: horns 2, retaliatory headbutt
a: no special abilities


You were on level 1 of the Dungeon.
You visited 1 branch of the dungeon, and saw 1 of its levels.

You collected 71 gold pieces.

Inventory:

Hand Weapons
 a - a +0 flail (weapon)
Armour
 b - a +0 scale mail (worn)
 c - a +0 buckler (worn)
Scrolls
 e - 2 scrolls of identify {unknown}
 f - a scroll of enchant weapon {unknown}
 g - a scroll of butterflies {unknown}
 i - a scroll of teleportation {unknown}
Potions
 d - a potion of might
 h - a potion of resistance {unknown}


   Skills:
 + Level 4.1 Fighting
 * Level 2.8 Maces & Flails
 - Level 3.6 Armour
 - Level 3.6 Shields


You had one spell level left.
You didn't know any spells.
Your spell library was empty.

Dungeon Overview and Level Annotations

Branches:
Dungeon (1/15)

Altars:


Innate Abilities, Weirdness & Mutations

You have a pair of horns on your head.
You reflexively headbutt those who attack you in melee.


Message History

You now have 71 gold pieces (gained 10).
Found a leather armour.
You see here 3 poisoned darts.
There is a stone staircase leading down here.
A goblin comes into view. It is wielding a +2 dagger of venom.
A goblin is nearby!
A goblin comes into view. It is wielding a +0 club.
The goblin shouts!
Found a hand axe.
Found 10 gold pieces.
The goblin hits you with a +2 dagger of venom.
You are poisoned.
You barely miss the goblin. You headbutt the goblin.
The goblin is heavily wounded.
You feel very sick. You block the goblin's attack.
You closely miss the goblin.
The goblin is heavily wounded.
You feel sick.
The goblin hits you with a +2 dagger of venom.
The goblin hits you with a +0 club. The goblin attacks as you move away!
The goblin hits you but does no damage.
You are lethally poisoned!
* * * LOW HITPOINT WARNING * * *
You feel very sick. The goblin attacks as you move away!
The goblin barely misses you. You furiously retaliate!
You headbutt the goblin.
You kill the goblin!
* * * LOW HITPOINT WARNING * * *
You feel very sick.
You hit the goblin.
The goblin is heavily wounded.
* * * LOW HITPOINT WARNING * * *
You feel sick. The goblin hits you but does no damage.
You are more poisoned.
The goblin hits you but does no damage.
You are more poisoned.
You sock the goblin!
You kill the goblin!
You die...

########.....[...........#.#
.........###.########.##.#.#
.#.####### #.# #.##.#.# #.#
#.##.#.# #.########.##.#.#
#.............†.##
#.##########...... #.#
###.... ###@# #.###
##..)##### #.# #..).....#
#.# #........# #.#
#....♣♣...# #.# #...♣.. ...#
#.# #....♣... ..# #.#
.......♣♣.. .# #.. #####...
...)#


There were no monsters in sight!

Vanquished Creatures
  A dart slug (D:1)
  An endoplasm (D:1)
  3 goblins (D:1)
  A kobold (D:1)
  A ball python (D:1)
  2 bats (D:1)
9 creatures vanquished.

Notes
Turn   | Place    | Note
-------+----------+-------------------------------------------
     0 | D:1      | Buffaloe the Minotaur Fighter began the quest for the Orb.
     0 | D:1      | Reached XP level 1. HP: 19/19 MP: 0/0
   188 | D:1      | Reached skill level 4 in Fighting
   188 | D:1      | Reached XP level 2. HP: 20/27 MP: 1/1
   400 | D:1      | Succumbed to a goblin's poison

Illustrated notes

Levels and vault maps discovered:
D:1:      amcnicky_arrival_double_pillar, layout_loops_ring, chequers_garden

Skill      XL: |  1 |
---------------+----+-----
Fighting       | 4 |  4.1
Maces & Flails | |  2.8
Armour         | |  3.6
Shields        | |  3.6

Action                   || total
-------------------------++-------
Melee: Flail             ||    12
       Headbutt          ||     1
Armor: Scale mail        ||     4
Dodge: Dodged            ||     6
Block: Buckler           ||     2
